[Event "*** Qualifier 1: Titled Tuesday 3|2 Blitz"]
[Site "Chess.com"]
[Date "2017.04.04"]
[Round "5"]
[White "bancsoo"]
[Black "GamayevOleg"]
[Result "1-0"]
[WhiteElo "2622"]
[BlackElo "2413"]
[TimeControl "180+2"]
[EndTime "14:14:15 PDT"]
[Termination "bancsoo won by checkmate"]

1. Nf3 e6 2. g3 f5 3. Bg2 Nf6 4. O-O Be7 5. d4 O-O 6. c4 d5 7.
Nc3 c6 8. Qc2 Ne4 9. Rb1 Nd7 10.
b4 Ndf6 11. a4 Nxc3 12. Qxc3 Ne4 13. Qb3 Bd7 14. Bf4 a6 15. Rfd1 Be8 16. Ne5 Nd6 17.
c5 Nf7 18. Nxf7 Rxf7 19. Be5 g5 20. e3 Bf6 21. Bxf6 Qxf6 22. f4 h5 23. Bf1 h4 24. Qc2 hxg3 25. hxg3 gxf4 26. exf4 Rg7 27. Kf2 Bh5 28. Be2 Qg6 29. Rg1 Kf7 30. Rb3 Rh8 31.
Bf1 Qf6 32. Qd2 Ke7 33. b5 axb5 34. axb5 Be8 35. bxc6 Bxc6 36. Ke1 Ra8 37. Qb2 Kf8 38. Bb5 Qd8 39. Bxc6 Qa5+ 40. Kf2 bxc6 41. Re1 Rh7 42.
Re2 Qa1 43. Qxa1 Rxa1 44. Rb8+ Kg7 45. Rb7+ Kg6 46. Rxh7 Kxh7 47. Rxe6 Rd1 48. Rxc6 Rxd4 49. Rf6 Rc4 50. Rxf5 Rxc5 51. Kf3 Kg6 52. Kg4 Ra5 53. Rf8 Ra3 54. Rd8 Rd3 55. Rd6+ Kf7 56. f5 Ke7 57. Ra6 d4 58. Kf4 Rd1 59. g4 d3 60. Kg5 d2 61. Ra2 Kf7 62. f6 Kf8 63. Ra8+ Kf7 64. Rd8 Ke6 65. Rd3 Kf7 66. Rd6 Kf8 67. Kg6 Rg1 68. Rd8# 1-0

[Event "*** Qualifier 1: Titled Tuesday 3|2 Blitz"]
[Site "Chess.com"]
[Date "2017.04.04"]
[Round "5"]
[White "Bengalas"]
[Black "FelixBlohberger"]
[Result "1/2-1/2"]
[WhiteElo "2269"]
[BlackElo "2223"]
[TimeControl "180+2"]
[EndTime "14:14:18 PDT"]
[Termination "Game drawn by repetition"]

1. d4 Nf6 2. c4 e6 3. Nc3 Bb4 4. Qc2 Nc6 5. Nf3 O-O 6. Bd2 d6 7.
a3 Bxc3 8. Bxc3 Re8 9. O-O-O Qe7 10. h3 e5 11. d5 Nb8 12. g4 c6 13. g5 Nh5 14. e3 cxd5 15. cxd5 g6 16. Nd2 Bf5 17.
Ne4 Nd7 18. Bd3 Bxe4 19. Bxe4 Qxg5 20. Rhg1 Qh4 21. Kb1 Nc5 22. Bf3 Ng7 23. Rg4 Qf6 24. Qe2 b5 25. Bg2 h5 26. Rb4 Reb8 27. Rd2 a6 28.
Ka2 Qd8 29. f4 exf4 30. exf4 Qd7 31. Qf2 Nf5 32. Be4 Nxe4 33. Rxe4 a5 34. Kb1 b4 35. axb4 axb4 36. Rxb4 Rxb4 37. Bxb4 Qa4 38. Ba3 Rb8 39. Qf3 Nd4 40. Qd3 Rb3 41. Qxd4 Qxa3 42. Re2 Qa8 43. f5 Qc8 44. fxg6 fxg6 45. Re6 Rg3 46. Qe4 Rg1+ 47. Ka2 Qa6+ 48. Kb3 Qb5+ 49.
Kc2 Qc5+ 50. Kb3 Qb5+ 51. Kc2 Qc5+ 52. Kb3 Rg3+ 53. Ka2 Qa5+ 54. Kb1 Rg1+ 55. Kc2 Qc5+ 56. Kb3 Qb5+ 57. Kc2 Qc5+ 58. Kb3 Qb5+ 59. Kc2 Qc5+ 1/2-1/2

[Event "*** Qualifier 1: Titled Tuesday 3|2 Blitz"]
[Site "Chess.com"]
[Date "2017.04.04"]
[Round "5"]
[White "AlexanderL"]
[Black "Yaacovn"]
[Result "1-0"]
[WhiteElo "2567"]
[BlackElo "2597"]
[TimeControl "180+2"]
[EndTime "14:14:19 PDT"]
[Termination "AlexanderL won on time"]

1. d4 d5 2. c4 e6 3. Nf3 Be7 4.
g3 dxc4 5. Bg2 Nd7 6. Nfd2 c5 7. Nxc4 Nb6 8. Nxb6 Qxb6 9. dxc5 Bxc5 10. O-O Nf6 11.
Nc3 O-O 12. Na4 Qa5 13. Nxc5 Qxc5 14. Qb3 e5 15. Be3 Qe7 16. Rac1 Be6 17. Qxb7 Qxb7 18. Bxb7 Rab8 19. Rc7 Bd5 20. Bxd5 Nxd5 21. Rxa7 Rxb2 22. Bc5 Rc8 23. Rd1 Nf6 24. Kf1 h6 25. Bd6 Rd8 26. Ke1 Re8 27. f3 e4 28. f4 Ng4 29. h3 Ne3 30. Rc1 Nf5 31. Be5 Rb6 32. g4 Nd6 33.
Bxd6 Rxd6 34. Kf2 e3+ 35. Kf3 Rf8 36. Rc3 Rd1 37. Rxe3 Rh1 38. Kg2 Ra1 39. Ree7 g6 40. h4 Rb1 41. g5 hxg5 42. hxg5 Rb2 43. Kf3 Rb1 44. a4 Rb3+ 45. e3 Ra3 46. a5 Ra1 47. a6 Ra2 48. e4 Ra3+ 49. Kg4 Ra1 50. e5 Re1 51. Rab7 Rg1+ 52. Kf3 Rf1+ 53. Kg3 Rg1+ 54.
Kf2 Ra1 55. a7 Ra3 56. e6 1-0

[Event "*** Qualifier 1: Titled Tuesday 3|2 Blitz"]
[Site "Chess.com"]
[Date "2017.04.04"]
[Round "5"]
[White "Wolverine_master"]
[Black "stefanodinn"]
[Result "0-1"]
[WhiteElo "1963"]
[BlackElo "2192"]
[TimeControl "180+2"]
[EndTime "14:14:30 PDT"]
[Termination "stefanodinn won by resignation"]

1. e4 c5 2. Nf3 d6 3. d4 cxd4 4.
Nxd4 Nf6 5. Nc3 a6 6. Bg5 e6 7. f4 h6 8. Bh4 Qb6 9. Qd2 Qxb2 10. Rb1 Qa3 11. Bc4 Qc5 12. Qd3 Be7 13. O-O Nc6 14. Bf2 Ng4 15. Nxe6 Nxf2 16. Nxc5 Nxd3 17.
Nxd3 b5 18. Bd5 Bd7 19. e5 O-O 20. Ne4 dxe5 21. Nxe5 Nxe5 22. Bxa8 Rxa8 23. fxe5 Be6 24. Nd6 Bxa2 25. Ra1 Bd5 26. Nxb5 axb5 27. Rxa8+ Bxa8 28.
Rb1 Bc6 29. g3 Bc5+ 30. Kf1 Kf8 31. Ke2 Ke7 32. Kd3 Ke6 33. Re1 Bd5 34. c3 Bc4+ 35. Kc2 Kd5 36. Kd2 b4 37. Kc2 b3+ 38. Kb2 Ke6 39. g4 Bd5 40. h4 Bf2 41. Rc1 Bc4 42. g5 hxg5 43. hxg5 Kxe5 44. Rh1 Be3 45. Rh7 Bxg5 46.
Rxg7 Bf6 47. Rg4 Kd5 48. Rf4 Be5 49. Rxf7 Ke4 50. Re7 Kd5 51. Rd7+ Bd6 52. Rd8 Kc5 53. Rc8+ Kb5 54. Rd8 Bc5 55. Rb8+ Ka4 56. Ra8+ Kb5 57.
Rb8+ Bb6 58. Rc8 Bc5 59. Rb8+ Bb6 60. Rc8 Bd5 61. Rh8 Bc5 62. Rb8+ Ka4 63. Rc8 Ba3+ 64. Kb1 Be4+ 65. Ka1 b2+ 0-1

[Event "*** Qualifier 1: Titled Tuesday 3|2 Blitz"]
[Site "Chess.com"]
[Date "2017.04.04"]
[Round "5"]
[White "PaulfromSPb"]
[Black "ShimanovAlex"]
[Result "1/2-1/2"]
[WhiteElo "2546"]
[BlackElo "2621"]
[TimeControl "180+2"]
[EndTime "14:14:32 PDT"]
[Termination "Game drawn by agreement"]

1. d4 Nf6 2. Bg5 Ne4 3. Bf4 d5 4. Nd2 Bf5 5. Ngf3 e6 6. e3 Bd6 7.
Bxd6 Nxd6 8. Bd3 O-O 9. O-O Nd7 10. Qe2 Be4 11. Bxe4 dxe4 12. Ne5 f6 13. Nxd7 Qxd7 14. c4 f5 15. c5 Nf7 16. Nc4 Qd5 17. b4 b5 18.
cxb6 axb6 19. a4 Ra7 20. a5 Rfa8 21. Rac1 b5 22. Nd2 c6 23. Rc5 Qd6 24. Rfc1 Ra6 25. f3 exf3 26. Nxf3 Re8 27. Qc2 Kf8 28. Qc3 h6 29. h3 Re7 30. Ne5 Nxe5 31. dxe5 Qb8 32.
Rd1 Rc7 33. Rd6 Ke7 34. e4 f4 35. Qf3 Qf8 36. Rxb5 cxb5 37. Rxa6 g5 38. Rd6 Qg7 39. Rd1 Qxe5 40. Qd3 Kf7 41. Qd8 Re7 42. Rd7 Rxd7 43. Qxd7+ Kf6 44. Qd8+ Kf7 45. Qd7+ Kf6 46. Qd3 Qa1+ 47.
Kh2 Ke5 48. Qxb5+ Kxe4 49. a6 Qa3 50. Qc6+ Ke5 51. Qf3 Qxa6 52. Qc3+ Kd5 53. Qc5+ Ke4 54.
b5 Qa2 55. b6 Qb3 56. Qc6+ Ke5 57. Qc5+ Kf6 58. Qd4+ Kf5 59. Qc5+ e5 60. Qc8+ Ke4 61. Qc6+ Kf5 62. Qd7+ Kf6 63. Qd6+ Kf5 64. Qd7+ Kf6 65. Qc6+ Kf5 66. b7 Qg3+ 67. Kh1 1/2-1/2

[Event "*** Qualifier 1: Titled Tuesday 3|2 Blitz"]
[Site "Chess.com"]
[Date "2017.04.04"]
[Round "5"]
[White "rubhani"]
[Black "platy3"]
[Result "0-1"]
[WhiteElo "2412"]
[BlackElo "2620"]
[TimeControl "180+2"]
[EndTime "14:14:32 PDT"]
[Termination "platy3 won by resignation"]

1. e4 c5 2. Nf3 Nc6 3. d4 cxd4 4.
Nxd4 Qb6 5. Nb3 Nf6 6. Be3 Qc7 7. Nc3 e6 8. Bd3 a6 9. O-O Be7 10. a4 b6 11. f4 d6 12. Qe1 h5 13. h3 h4 14. Nd4 Bb7 15. Qf2 Nd7 16. Rae1 Bf6 17.
Nxc6 Bxc6 18. Bd4 Bxd4 19. Qxd4 Kf8 20. Kh1 e5 21. fxe5 Nxe5 22. Bc4 Be8 23. Bb3 Qc5 24. Qd2 Rh6 25. Nd5 Ra7 26. Ne3 Bd7 27. Bd5 Rc7 28. c3 Rg6 29. c4 a5 30. Nf5 Qb4 31.
Qf4 Qxb2 32. Nxh4 Rf6 33. Qg5 Nd3 34. Rxf6 Qxf6 35. Qxf6 gxf6 36. Rb1 Nb4 37. Nf5 Bxa4 38. Nxd6 Bc2 39. Rf1 a4 40. Nb5 Rc5 41. Rxf6 Nxd5 42. exd5 Rxc4 43. d6 Ke8 44. Na3 Rc3 45. Nxc2 Rxc2 46.
d7+ Kxd7 47. Rxb6 Rc6 48. Rb7+ Rc7 49. Rb1 Ra7 50. Kh2 Ke6 51. Kg3 a3 52. Kh4 Kf5 53. g4+ Kg6 54. Ra1 a2 55. Kg3 Ra3+ 56. Kg2 Kg5 57. Kh2 Kh4 58. Kg2 f6 59. Kh2 Rxh3+ 60.
Kg2 Ra3 61. Kf2 Kxg4 62. Kg2 f5 63. Kf2 f4 64. Kg2 f3+ 65. Kf2 Kf4 66. Kf1 Kg3 67. Kg1 Rb3 0-1

[Event "*** Qualifier 1: Titled Tuesday 3|2 Blitz"]
[Site "Chess.com"]
[Date "2017.04.04"]
[Round "5"]
[White "Robin-Side"]
[Black "Storne89"]
[Result "1-0"]
[WhiteElo "2401"]
[BlackElo "2519"]
[TimeControl "180+2"]
[EndTime "14:14:35 PDT"]
[Termination "Robin-Side won by resignation"]

1. d4 Nf6 2. c4 e6 3. Nc3 Bb4 4.
e3 O-O 5. Bd3 d5 6. a3 Be7 7.
Nf3 b6 8. cxd5 exd5 9. O-O Bb7 10. b4 Nbd7 11. Bb2 a6 12. Qc2 Bd6 13. Ne2 Re8 14. Ng3 g6 15. Rac1 Rc8 16. Qe2 Ra8 17. Qc2 a5 18. Ne5 axb4 19. axb4 Nf8 20. b5 Qe7 21. Ra1 h5 22. Ne2 h4 23. h3 N6d7 24. f4 Nf6 25. Rxa8 Bxa8 26. Ra1 Nh5 27. Ra7 Rd8 28. Qa4 Qe8 29.
Bc1 Kg7 30. Bd2 f6 31. Nf3 f5 32. Ne5 Nf6 33. Kh1 Ne4 34. Bxe4 dxe4 35. Bc3 Bd5 36. Bb4 Ne6 37. Nc3 Bxb4 38. Qxb4 Kh6 39. Ne2 g5 40. Qe1 Ra8 41. fxg5+ Kxg5 42. Rxa8 Bxa8 43.
Qf2 Qh5 44. Nf4 Qd1+ 45. Kh2 Ng7 46. Nf7+ Kf6 47. Nh6 Kg5 48. Nf7+ Kf6 49. Nh6 Kg5 50. Nf7+ Kf6 51. Nd8 Kg5 52. Nde6+ Nxe6 53. Nxe6+ Kf6 54.
Nf4 Kg5 55. d5 Bxd5 56. Qb2 Kh6 57. Qf6+ Kh7 58. Qxf5+ Kg7 59. Qxd5 Qe1 60. Qe5+ Kf8 61. Ng6+ Kf7 62. Qf5+ Kg7 63. Qg5 Qg3+ 64. Qxg3 hxg3+ 65. Kxg3 Kxg6 66. Kf4 1-0

[Event "*** Qualifier 1: Titled Tuesday 3|2 Blitz"]
[Site "Chess.com"]
[Date "2017.04.04"]
[Round "5"]
[White "iaraldinho"]
[Black "jposthuma"]
[Result "1/2-1/2"]
[WhiteElo "2396"]
[BlackElo "2236"]
[TimeControl "180+2"]
[EndTime "14:14:41 PDT"]
[Termination "Game drawn - insufficient material"]

1. e4 c6 2. d4 d5 3. Nc3 dxe4 4.
Nxe4 Nf6 5. Nxf6+ gxf6 6. Bf4 Bf5 7. Qd2 e6 8. O-O-O Nd7 9. Kb1 a5 10. Bd3 Bxd3 11. Qxd3 a4 12. Ne2 Qb6 13. Rhe1 Bb4 14.
Bd2 O-O-O 15. c3 Be7 16. Qc4 Qb5 17. Qxb5 cxb5 18. Ng3 Nb6 19. Ne4 f5 20. Bg5 Rhe8 21. Bxe7 Rxe7 22. Nf6 Rc7 23. Re5 b4 24. cxb4 Rc4 25.
Rc5+ Rxc5 26. bxc5 Nd5 27. Nxd5 Rxd5 28. f4 f6 29. Kc2 e5 30. Kc3 Kd7 31. Rd3 Kc6 32. fxe5 fxe5 33. dxe5 Rxc5+ 34. Kd4 Rd5+ 35. Ke3 Rxe5+ 36.
Kf4 Re2 37. Rc3+ Kd6 38. Ra3 Rxb2 39. Rxa4 Rxg2 40. Kxf5 Rxh2 41. Rb4 Kc6 42. a4 b6 43. Rc4+ Kd6 44. Rb4 Kc5 45. Rb5+ Kc6 46. Rb4 Rh5+ 47. Kf6 Rh1 48. Kg7 h5 49. Kh6 h4 50. Kh5 h3 51.
Kh4 Kc7 52. Kg3 Kc6 53. Kh4 Kc7 54. Kg3 h2 55. Kg2 Ra1 56. Kxh2 Kb7 57. Kg2 Ka6 58. Kf2 Ka5 59. Rb5+ Ka6 60. Rb4 Ka5 61. Rb5+ Ka6 62. Rb4 Ra2+ 63. Ke3 Rh2 64. Kd3 Rh3+ 65. Kc2 Rh2+ 66.
Kb1 Rh3 67. Kb2 Ka5 68. Rb5+ Ka6 69. Rb3 Rxb3+ 70. Kxb3 Ka5 71. Ka3 Ka6 72. Kb4 Ka7 73. Kb5 Kb7 74. a5 bxa5 75. Kxa5 1/2-1/2

[Event "*** Qualifier 1: Titled Tuesday 3|2 Blitz"]
[Site "Chess.com"]
[Date "2017.04.04"]
[Round "5"]
[White "Bugcrusher"]
[Black "ohusbands"]
[Result "1-0"]
[WhiteElo "2462"]
[BlackElo "2225"]
[TimeControl "180+2"]
[EndTime "14:14:46 PDT"]
[Termination "Bugcrusher won on time"]

1. d4 Nf6 2. c4 e6 3. Nf3 d5 4.
Nc3 dxc4 5. e4 Bb4 6. Bxc4 Nxe4 7. O-O Nxc3 8. bxc3 Be7 9. Re1 Nc6 10. Rb1 O-O 11. Bd3 Bf6 12. Rb5 Ne7 13. Ng5 Ng6 14.
Qh5 Bxg5 15. Bxg5 Qd7 16. Bf4 b6 17. Rg5 Bb7 18. Re3 h6 19. Rg4 Nxf4 20. Rxg7+ Kxg7 21. Rg3+ Ng6 22. Bxg6 fxg6 23. Rxg6+ Kf7 24. Rxh6+ Ke7 25.
Rh7+ Kd8 26. Qg5+ Kc8 27. Rxd7 Kxd7 28. Qg7+ Kd6 29. Qe5+ Ke7 30. Qxc7+ Kf6 31. Qxb7 Rac8 32. Qxa7 Rxc3 33. h4 Rc1+ 34. Kh2 Rc2 35. Qxb6 Rxf2 36. d5 Re2 37. Qd4+ Ke7 38. Qc5+ Kf7 39. dxe6+ Rxe6 40. Qf5+ Ke7 41. Qc5+ Kf7 42. Qg5 Rg8 43. Qf5+ Ke7 44.
Qc5+ Kf7 45. Qd5 Ke7 46. a4 Rg4 47. Kh3 Rxa4 48. Qc5+ Kf6 49. Qg5+ Kf7 50. Qh5+ Ke7 51. Qh7+ Kd6 52. Qd3+ Ke7 53. Qh7+ Kd6 54. Qd3+ Ke7 55. g3 Rae4 56. Qf3 Re1 57. h5 R6e5 58. Kh4 R1e3 59. Qf2 Re2 60. Qa7+ Kf6 61. Qb6+ Re6 62. Qd4+ Ke7 63. g4 R6e4 64. Qg7+ Ke6 65. h6 1-0

[Event "*** Qualifier 1: Titled Tuesday 3|2 Blitz"]
[Site "Chess.com"]
[Date "2017.04.04"]
[Round "5"]
[White "ruvat"]
[Black "Marcus_Harvey"]
[Result "0-1"]
[WhiteElo "2234"]
[BlackElo "2482"]
[TimeControl "180+2"]
[EndTime "14:14:47 PDT"]
[Termination "Marcus_Harvey won by resignation"]

1. d4 e6 2. c4 f5 3. Nf3 Nf6 4. g3 Be7 5. Bg2 O-O 6. O-O d6 7. b4 d5 8. Qb3 Nc6 9. a3 a5 10. b5 a4 11. Qc2 Na5 12. Nbd2 Ne4 13. c5 Bd7 14. Rb1 Qe8 15. Qxa4 Nc3 16. Qb4 Nxb1 17.
Qxb1 Bxb5 18. Re1 Nc4 19. Nxc4 Bxc4 20. Ne5 Ba6 21. Bd2 Bf6 22. Nf3 Qb5 23. Bf4 Qxb1 24. Rxb1 c6 25. Bd6 Rfe8 26. e3 Be7 27. Be5 Bb5 28. Rb3 Ra7 29. Bf4 Bc4 30. Rb4 Bf6 31.
Bf1 Bxf1 32. Kxf1 Kf7 33. Bc7 Rc8 34. Bd6 Ke8 35. a4 g5 36. h3 h5 37. Kg2 g4 38.
hxg4 hxg4 39. Ne5 Bxe5 40. Bxe5 Kd7 41. Kf1 Rca8 42. Kg2 Re8 43. Kf1 Rf8 44. Kg2 Rf7 45.
Kg1 Kc8 46. Kg2 Rh7 47. Kg1 Ra6 48. Kg2 b6 49. cxb6 Kb7 50. Bd6 Ra8 51. Bc5 Rah8 52.
Kf1 Rh1+ 53. Ke2 Ra8 54. Bd6 Ra1 55. Bc5 R8xa4 56. Rxa4 Rxa4 57. Kd2 Ra2+ 58. Ke1 Rc2 59. Kf1 e5 60. Ke1 exd4 61. exd4 Rb2 62. Kf1 Rxb6 63. Ke2 Rb3 64. Bd6 Ka6 65. Be7 Kb5 66. Bc5 Kc4 67. Ba7 Rd3 0-1

[Event "*** Qualifier 1: Titled Tuesday 3|2 Blitz"]
[Site "Chess.com"]
[Date "2017.04.04"]
[Round "5"]
[White "OparinGrigoriy"]
[Black "SmoothAsAHedgehog"]
[Result "0-1"]
[WhiteElo "2574"]
[BlackElo "2539"]
[TimeControl "180+2"]
[EndTime "14:14:54 PDT"]
[Termination "SmoothAsAHedgehog won by resignation"]

1. e4 e5 2. Nf3 Nc6 3. Bc4 Bc5 4.
c3 Nf6 5. d3 O-O 6. Nbd2 d6 7.
O-O Bb6 8. a4 a6 9. h3 Ne7 10.
Re1 Ng6 11. d4 h6 12. Bb3 Nh7 13. Bc2 Qf6 14. Nc4 Ba7 15. Ne3 c6 16. Nh2 Ng5 17.
Nhg4 Bxg4 18. Nxg4 Qe7 19. g3 Nxh3+ 20. Kg2 Ng5 21. Rh1 Ne6 22. d5 cxd5 23. exd5 Nc5 24. Bxh6 f5 25. Bxg7 Kxg7 26. Ne3 e4 27. Qh5 Qe5 28.
Qh7+ Kf6 29. Rh6 Rg8 30. Rah1 Rg7 31. Rxg6+ Rxg6 32. Rh5 Rag8 33. Rxf5+ Qxf5 34. Nxf5 Kxf5 35. b4 Nd3 36. Bxd3 exd3 37. Qh5+ Ke4 38. Qf3+ Ke5 39.
Qxd3 Kf6 40. Qc4 R8g7 41. Qc8 Ke5 42. c4 Kd4 43. a5 Kc3 44. b5 Bc5 45. bxa6 bxa6 46.
Qf5 Kxc4 47. Qb1 Kxd5 48. Qd3+ Kc6 49. Qxa6+ Kd5 50. Qd3+ Kc6 51. Qa6+ Kc7 52. Qc4 Rf6 53. Qc3 Rxf2+ 54. Kh3 Rh7+ 55. Kg4 Rff7 56. Qb3 Rhg7+ 57. Kh5 Rf5+ 58. Kh4 Rfg5 59. a6 Rg4+ 60. Kh5 Kc6 61. Qf3+ Kb6 62. Qb3+ Kxa6 63. Qa2+ Kb6 64. Qb2+ Kc7 65.
Qc3 Rxg3 66. Qa5+ Bb6 67. Qf5 R3g5+ 0-1

[Event "*** Qualifier 1: Titled Tuesday 3|2 Blitz"]
[Site "Chess.com"]
[Date "2017.04.04"]
[Round "5"]
[White "MaestroASK"]
[Black "MagnusSeinFanboy"]
[Result "1-0"]
[WhiteElo "2487"]
[BlackElo "2229"]
[TimeControl "180+2"]
[EndTime "14:15:00 PDT"]
[Termination "MaestroASK won by checkmate"]

1. d4 d5 2. Bg5 h6 3. Bh4 Nf6 4. e3 Bf5 5. c4 c6 6. Nc3 e6 7. Qb3 Qb6 8. c5 Qc7 9. Bg3 Qc8 10. Nf3 Nbd7 11. Qa4 Nh5 12. Be5 f6 13. Bg3 Be7 14. Be2 Nxg3 15. hxg3 b6 16. b4 a5 17. b5 cxb5 18. Bxb5 bxc5 19. dxc5 Bxc5 20. O-O Ke7 21. Nh4 Bh7 22. Rac1 Rd8 23. Rfd1 Nb6 24. Qg4 Kf7 25. Qh5+ Kg8 26. Na4 Nxa4 27. Bxa4 Ra7 28. Bc2 Bxc2 29. Rxc2 Rc7 30. Rdc1 Rd6 31. Ng6 Kh7 32. Nf4 Rdc6 33. Qg6+ Kh8 34. Nh5 Bf8 35. Rxc6 Rxc6 36. Rxc6 Qxc6 37. Qf7 Qc8 38. Nf4 e5 39. Ng6+ Kh7 40. Nxf8+ Kh8 41. Ng6+ Kh7 42. Ne7 Qd8 43. Nxd5 a4 44. e4 Qd6 45. Kh2 a3 46. f3 Qa6 47.
Ne7 Qa8 48. Nf5 Qh8 49. g4 h5 50. gxh5 Qg8 51. Qxg8+ Kxg8 52. Nd6 Kh7 53. Nc4 Kh6 54.
g4 Kg5 55. Kg3 g6 56. hxg6 Kxg6 57. Nxa3 Kg5 58. Nc4 Kg6 59. a4 Kg5 60. a5 Kg6 61.
a6 Kg5 62. a7 Kg6 63. a8=Q Kg5 64. Qg8+ Kh6 65. Qh8+ Kg6 66. Qh5+ Kg7 67. Qf5 Kh6 68.
Qxf6+ Kh7 69. Qxe5 Kh6 70. Qf6+ Kh7 71. Qg5 Kh8 72.
Kf4 Kh7 73. Kf5 Kh8 74. Kf6 Kh7 75. Qg7# 1-0

[Event "*** Qualifier 1: Titled Tuesday 3|2 Blitz"]
[Site "Chess.com"]
[Date "2017.04.04"]
[Round "5"]
[White "Grootneus"]
[Black "kharov2001"]
[Result "0-1"]
[WhiteElo "2082"]
[BlackElo "1844"]
[TimeControl "180+2"]
[EndTime "14:15:02 PDT"]
[Termination "kharov2001 won on time"]

1. e4 c5 2. b4 cxb4 3. a3 bxa3 4.
d4 d5 5. exd5 Qxd5 6. Nf3 Bg4 7.
Be2 e6 8. Nxa3 Nc6 9. Nb5 Qd8 10. Bf4 Rc8 11. O-O a6 12. Nc3 Nf6 13. Rb1 Bb4 14. Na4 Qd7 15. c3 Ba5 16. Nc5 Qd5 17. c4 Qh5 18.
Bd6 Bc7 19. Nxb7 Ne4 20. Bxc7 Rxc7 21. Qd3 Bf5 22. d5 O-O 23. dxc6 Ng3 24. Qe3 Nxf1 25. Rxf1 Qg6 26. Ne5 Qh6 27. Qxh6 gxh6 28. Nc5 f6 29.
Ned7 Ra8 30. Bf3 Kf7 31. g4 Bg6 32. Nb6 Rd8 33. Nxa6 Ra7 34. c7 Rg8 35. Nb8 Rxc7 36. Nc6 f5 37. Rd1 fxg4 38. Bg2 Bf5 39. Nd8+ Kf6 40.
Nd7+ Ke7 41. Nc6+ Kf7 42. Nde5+ Kg7 43. Nd4 Kf6 44. c5 Kxe5 45. c6 Kf6 46. Nb5 Rcc8 47.
c7 h5 48. Bb7 h4 49. Bxc8 Rxc8 50. Rd7 e5 51. Rd6+ Ke7 52. Rh6 Ra8 53. Rh5 Kf6 54.
Rxf5+ Kxf5 55. Nd6+ Kf4 0-1

[Event "*** Qualifier 1: Titled Tuesday 3|2 Blitz"]
[Site "Chess.com"]
[Date "2017.04.04"]
[Round "5"]
[White "NTBT_DHS"]
[Black "nonscitis"]
[Result "0-1"]
[WhiteElo "2444"]
[BlackElo "2362"]
[TimeControl "180+2"]
[EndTime "14:15:23 PDT"]
[Termination "nonscitis won by resignation"]

1. d4 Nf6 2. c4 e6 3. Nc3 c5 4. d5 exd5 5. cxd5 Bd6 6. Nf3 O-O 7.
g3 Bc7 8. Bg2 d6 9. O-O a6 10. a4 Nbd7 11. Nd2 Ne5 12. h3 Rb8 13. Nde4 Nxe4 14. Nxe4 h6 15. f4 Nd7 16. f5 Nf6 17. g4 Re8 18. Ng3 Nh7 19. Nh5 Nf6 20. Ng3 Nh7 21. Bd2 Bd7 22. e4 b5 23. axb5 Bxb5 24.
Rf2 c4 25. Kh2 Bb6 26. Rf3 Ng5 27. Rc3 Bf2 28. Qe2 Bd4 29. h4 Bxc3 30. Bxc3 Nh7 31. Kh3 Nf6 32. Qd2 Nd7 33. Nh5 Ne5 34. f6 Bd7 35.
Bxe5 Rxe5 36. Nxg7 Qxf6 37. Nf5 Rb3+ 38. Kh2 Bxf5 39. gxf5 Qxh4+ 40. Kg1 Rd3 41. Qe2 Rdxd5 42. Rxa6 Ra5 43. Rxd6 Ra1+ 44. Rd1 Rxd1+ 45. Qxd1 Kg7 46. Qd4 Qe1+ 47. Kh2 Qh4+ 48. Kg1 Qf6 49. Qxc4 Ra5 50. Qb3 Ra1+ 51. Bf1 Qg5+ 52. Kf2 Qf4+ 53. Ke2 Qxf1+ 54. Ke3 Re1+ 55. Kd4 Qf2+ 56. Kd5 Qd2+ 57. Ke5 Qh2+ 58. Kd5 Rg1 59. Qc3+ Kh7 60. e5 Rd1+ 61. Kc6 Qg2+ 62. Kb5 Rd2 63. b4 Qd5+ 64. Kb6 Rd3 65. Qc7 Rb3 66. Qe7 h5 67. e6 Qd4+ 68. Kb5 Qd5+ 69.
Kb6 Qxf5 70. exf7 Rxb4+ 71. Qxb4 Qxf7 72. Qe4+ Qg6+ 73. Qxg6+ Kxg6 74. Kc5 Kf5 75. Kd4 Kf4 76.
Kd3 Kf3 77. Kd2 Kf2 78. Kd3 h4 79. Ke4 h3 0-1

[Event "*** Qualifier 1: Titled Tuesday 3|2 Blitz"]
[Site "Chess.com"]
[Date "2017.04.04"]
[Round "5"]
[White "SergeiAza"]
[Black "larso"]
[Result "1/2-1/2"]
[WhiteElo "2644"]
[BlackElo "2451"]
[TimeControl "180+2"]
[EndTime "14:15:54 PDT"]
[Termination "Game drawn by repetition"]

1. e4 c5 2. Nf3 d6 3. d4 cxd4 4.
Nxd4 Nf6 5. Nc3 a6 6. Bg5 e6 7. f4 b5 8. Qe2 Be7 9. O-O-O Qb6 10. g4 Bb7 11. Bg2 Nbd7 12. Rhe1 b4 13. Nd5 exd5 14. Nf5 dxe4 15. Nxe7 Kxe7 16. Bxe4 Kf8 17. Bxb7 Qxb7 18. Qe7+ Kg8 19. Bxf6 gxf6 20. Rxd6 Ra7 21. g5 f5 22. Rf6 Qd5 23. Rd1 Qc4 24. Kb1 Kg7 25. Rfd6 Rc8 26. R6d2 Kg8 27. h4 Qc5 28. Qe2 Nf8 29. h5 Rac7 30. h6 Ne6 31. b3 Qb5 32. Qe3 Qc5 33.
Qf3 Qc3 34. Qd5 Qc6 35. Qxf5 Qc3 36. Qe4 Re8 37. f5 Ng7 38. Rd8 Rc8 39. Rxc8 Qxc8 40. Qd3 Nxf5 41. Rf1 Re5 42. Rd1 Kf8 43. Qd2 Rc5 44.
Qd3 Re5 45. Qd2 Qe8 46. Qxb4+ Kg8 47. Qc3 Re7 48. a4 Qf8 49. Rf1 Nd6 50. Qc5 Rd7 51. Qc3 Ne8 52. Re1 Re7 53. Rd1 Re6 54. Rd8 Rg6 55. Qe5 Re6 56. Qd4 Rg6 57. Qe3 Re6 58.
Qc3 Rg6 59. Qc8 Re6 60. Kb2 Qe7 61. Qa8 Kf8 62. Rd3 Rd6 63. Rxd6 Qxd6 64. Qe4 Qe6 65.
Qxh7 Qe5+ 66. Ka2 Qxg5 67. Qh8+ Ke7 68. h7 Nf6 69. Kb1 Qg6 70. Qa8 Qxh7 71. Qxa6 Qf5 72. Qb7+ Kf8 73. Qb4+ Kg7 74. a5 Qe5 75. a6 Nd5 76. Qg4+ Kh6 77. Qh4+ Kg6 78. Qg4+ Kf6 79. Qh4+ Ke6 80. Qg4+ Ke7 81. a7 Nc3+ 82. Kc1 Na2+ 83.
Kb1 Nc3+ 84. Kc1 Na2+ 85. Kb1 Nc3+ 1/2-1/2

[Event "*** Qualifier 1: Titled Tuesday 3|2 Blitz"]
[Site "Chess.com"]
[Date "2017.04.04"]
[Round "6"]
[White "FearlessKing64"]
[Black "kharov2001"]
[Result "1-0"]
[WhiteElo "2121"]
[BlackElo "1841"]
[TimeControl "180+2"]
[EndTime "14:18:40 PDT"]
[Termination "FearlessKing64 won by resignation"]

1. e4 c5 2. Nf3 Nc6 3. d4 cxd4 4.
Nxd4 g6 5. c4 Bg7 6. Be3 Nf6 7.
Nc3 d6 8. Be2 O-O 9. O-O Bd7 10.
f3 Nxd4 11. Bxd4 a5 12. b3 Bc6 13. Rc1 Nd7 14. Be3 Nc5 15. Qd2 Qb6 16. Nb5 Rfc8 17. Kh1 Qd8 18. Nd4 Bd7 19. Rfd1 Qf8 20. Bd3 Bh6 21.
Bxh6 1-0

[Event "*** Qualifier 1: Titled Tuesday 3|2 Blitz"]
[Site "Chess.com"]
[Date "2017.04.04"]
[Round "6"]
[White "VladDobrov"]
[Black "Alex_Molchanov"]
[Result "0-1"]
[WhiteElo "2514"]
[BlackElo "2376"]
[TimeControl "180+2"]
[EndTime "14:20:08 PDT"]
[Termination "Alex_Molchanov won by checkmate"]

1. d4 e6 2. c4 Nf6 3. Nf3 b6 4. Nc3 Bb4 5. Qc2 Bb7 6. a3 Bxc3+ 7.
Qxc3 a5 8. b3 d6 9. e3 Nbd7 10.
Be2 Qe7 11. O-O Ne4 12. Qe1 f5 13. Nd2 O-O 14. f3 Nef6 15. Bb2 e5 16. d5 g5 17.
Bd3 f4 18. exf4 gxf4 19. Qh4 Nc5 20. Bc2 Rf7 21. Kh1 Nxd5 22. cxd5 Qxh4 23. b4 Nd7 24. g3 fxg3 25. Rg1 Qxh2# 0-1

[Event "*** Qualifier 1: Titled Tuesday 3|2 Blitz"]
[Site "Chess.com"]
[Date "2017.04.04"]
[Round "6"]
[White "peteseeger"]
[Black "FearNoEvil12"]
[Result "0-1"]
[WhiteElo "2106"]
[BlackElo "2101"]
[TimeControl "180+2"]
[EndTime "14:20:25 PDT"]
[Termination "FearNoEvil12 won by resignation"]

1. e4 Nf6 2. Nc3 d5 3. e5 d4 4.
exf6 dxc3 5. fxg7 cxd2+ 6. Bxd2 Bxg7 7. Qf3 Qd6 8. O-O-O Qb6 9. c3 Be6 10. Qg3 Bf6 11.
Bf4 Nd7 12. Bxc7 Qc6 13. Nf3 Rc8 14. Ba5 Qa4 15. Bb4 Qxb4 0-1

[Event "*** Qualifier 1: Titled Tuesday 3|2 Blitz"]
[Site "Chess.com"]
[Date "2017.04.04"]
[Round "6"]
[White "Tesla37"]
[Black "penguingm1"]
[Result "1-0"]
[WhiteElo "2582"]
[BlackElo "2587"]
[TimeControl "180+2"]
[EndTime "14:20:30 PDT"]
[Termination "Tesla37 won by resignation"]

1. e4 e5 2. Nf3 Nc6 3. Bb5 a6 4. Ba4 Nf6 5. O-O Be7 6. d3 b5 7.
Bb3 d6 8. a3 O-O 9. Nc3 Na5 10. Ba2 Be6 11. Nd5 Nc6 12. Ng5 Bg4 13. Nxf6+ gxf6 14. Nxf7 Qc8 15. Nxe5+ 1-0

[Event "*** Qualifier 1: Titled Tuesday 3|2 Blitz"]
[Site "Chess.com"]
[Date "2017.04.04"]
[Round "6"]
[White "severomorskij"]
[Black "AkshatChandra"]
[Result "1-0"]
[WhiteElo "2659"]
[BlackElo "2633"]
[TimeControl "180+2"]
[EndTime "14:20:33 PDT"]
[Termination "severomorskij won by resignation"]

1. d4 Nf6 2. c4 e6 3. Nf3 b6 4. a3 Ba6 5. Qb3 c5 6. d5 exd5 7. cxd5 g6 8. Nc3 Bg7 9. e4 Bxf1 10.
Kxf1 O-O 11. e5 Ng4 12. Bf4 Re8 13. Re1 Na6 14. h3 Nh6 15. g4 Qc8 16. Nb5 c4 17.
Qe3 1-0

[Event "*** Qualifier 1: Titled Tuesday 3|2 Blitz"]
[Site "Chess.com"]
[Date "2017.04.04"]
[Round "6"]
[White "TooOldTooSlow70"]
[Black "biveklama"]
[Result "1-0"]
[WhiteElo "2332"]
[BlackElo "2186"]
[TimeControl "180+2"]
[EndTime "14:20:45 PDT"]
[Termination "TooOldTooSlow70 won by resignation"]

1. d4 f5 2. Nf3 Nf6 3. g3 g6 4.
Bg2 Bg7 5. O-O O-O 6. b4 d6 7.
Bb2 a6 8. c4 h6 9. Nbd2 Qe8 10.
Re1 Nbd7 11. Qb3 Kh8 12. e4 f4 13. e5 dxe5 14. dxe5 Ng4 15. e6 Ndf6 16. h3 g5 17. hxg4 Nxg4 18. Bxg7+ Kxg7 19. Qc3+ Rf6 20. Ne4 Qh5 21.
Nxf6 Nxf6 22. Rad1 b6 23. Rd8 Bb7 24. Rxa8 Bxa8 25.
Nh2 Bxg2 26. Kxg2 g4 27. gxf4 Kg6 28. Re5 1-0